 Dungeon Crawl Stone Soup version 0.28-a0-194-g42b4daccc1 (webtiles) character file.

Game seed: 3841669077269605407

1424 rabbitsville the Cleaver (level 8, 0/111 HPs)
             Began as a Minotaur Berserker on Aug 18, 2021.
             Was a Priest of Trog.
             Slain by a bullfrog (3 damage)
             ... on level 6 of the Dungeon.
             The game lasted 00:21:46 (4804 turns).

rabbitsville the Cleaver (Minotaur Berserker)       Turns: 4804, Time: 00:21:46

Health: 0/111      AC:  7    Str: 24    XL:     8   Next: 44%
Magic:  7/7        EV: 10    Int:  4    God:    Trog [***...]
Gold:   98         SH:  0    Dex: 10    Spells: 7/7 levels left

rFire   + . .      SeeInvis .   a - +0 hand axe
rCold   . . .      Faith    +   (no shield)
rNeg    . . .      Spirit   .   o - +0 scale mail
rPois   .          Reflect  .   (helmet restricted)
rElec   .          Harm     .   (no cloak)
rCorr   .          Rampage  .   (no gloves)
Will    .....                   z - +0 pair of boots
Stlth   ..........              k - amulet of faith
HPRegen 0.28/turn               p - ring of protection from fire
MPRegen 0.10/turn               (no ring)

@: berserking, very quick
A: horns 2, retaliatory headbutt
a: Renounce Religion, Berserk, Trog's Hand


You were on level 6 of the Dungeon.
You worshipped Trog.
Trog was most pleased with you.
You visited 1 branch of the dungeon, and saw 6 of its levels.
You also visited: Sewer.

You collected 140 gold pieces.
You spent 42 gold pieces at shops.

Inventory:

Hand Weapons
 a - a +0 hand axe (weapon)
Missiles
 h - a throwing net (quivered)
 j - 13 poisoned darts
Armour
 o - a +0 scale mail (worn)
 z - a +0 pair of boots (worn)
Jewellery
 k - an amulet of faith (around neck)
 p - a ring of protection from fire (left hand)
Scrolls
 b - a scroll of magic mapping
 e - 2 scrolls of brand weapon {unknown}
 m - 2 scrolls of enchant weapon {unknown}
 n - a scroll of teleportation {unknown}
 q - a scroll of enchant armour {unknown}
 r - a scroll of blinking
 t - 2 scrolls of summoning {unknown}
 w - 2 scrolls of identify {unknown}
 y - 2 scrolls of amnesia {unknown}
 A - a scroll of torment {unknown}
Potions
 c - 4 potions of haste
 d - 2 potions of flight {unknown}
 f - a potion of ambrosia {unknown}
 g - a potion of invisibility {unknown}
 l - 3 potions of curing {unknown}
 s - a potion of resistance {unknown}
 u - 3 potions of brilliance {unknown}
 v - a potion of berserk rage {unknown}
 x - a potion of heal wounds {unknown}
 B - a potion of lignification {unknown}
 C - a potion of attraction {unknown}


   Skills:
 + Level 8.1 Fighting
 * Level 10.7 Axes
 - Level 2.4 Armour
 - Level 2.1 Dodging


You had 7 spell levels left.
You didn't know any spells.
Your spell library was empty.

Dungeon Overview and Level Annotations

Branches:
Dungeon (6/15)              Sewer (visited)
 Temple: D:4-7

Altars:
Cheibriados
Elyvilon

Shops:
D:5 ?

Annotations:
D:5 Pikel


Innate Abilities, Weirdness & Mutations

You have a pair of horns on your head.
You reflexively headbutt those who attack you in melee.


Message History

Found an emerald potion.
Found a moonstone ring and a scroll labelled TAKAIKAXTOE.
y - 2 scrolls labelled GOTHEI UCKYCKOAN (gained 1)
You start resting.
A bullfrog comes into view.
You start resting.
A bullfrog is nearby!
The bullfrog croaks.
The bullfrog hits you.
* * * LOW HITPOINT WARNING * * *
You hit the bullfrog.
The bullfrog is lightly wounded.
The bullfrog hits you.
* * * LOW HITPOINT WARNING * * *
You closely miss the bullfrog. Your headbutt misses the bullfrog.
The bullfrog is lightly wounded.
You hear a loud, deep croak!
A bullfrog comes into view.
A red film seems to cover your vision as you go berserk!
You feel yourself moving faster!
You feel mighty! The bullfrog hits you.
* * * LOW HITPOINT WARNING * * *
The bullfrog hits you.
* * * LOW HITPOINT WARNING * * *
The bullfrog hits you.
* * * LOW HITPOINT WARNING * * *
The bullfrog closely misses you. You furiously retaliate!
You headbutt the bullfrog! You slash the bullfrog! You headbutt the bullfrog.
The bullfrog is severely wounded.
You hit the bullfrog. You closely miss the bullfrog.
The bullfrog is severely wounded.
You slash the bullfrog!
You kill the bullfrog!
Trog accepts your kill. The bullfrog barely misses you.
You closely miss the bullfrog.
The bullfrog is severely wounded.
The bullfrog hits you.
You die...

#..# #..#
#..# ..#
... #.# #.#
# #<## #.#
#.@#...###
##F.......
#...#####
!.....=
.........#
#.....###.#
#.....# .
#.....#
#....?.


You could see a bullfrog.

Vanquished Creatures
  A two-headed ogre (D:5)
  Grinder (D:5)
  Purgy (Sewer)
  An ice beast (D:5)
  A necrophage (D:5)
  A bullfrog (D:6)
  A water moccasin skeleton (D:5)
  2 iguanas
  A hound zombie (D:5)
  4 adders
  A white imp (D:5)
  An adder skeleton (D:4)
  2 worms
  6 dart slugs
  An orc (D:3)
  3 endoplasms
  2 giant cockroaches
  5 goblins
  5 hobgoblins
  4 jackals (D:2)
  2 kobolds (D:2)
  2 quokkas
  12 ball pythons
  4 bats
  7 frilled lizards
  5 rats
76 creatures vanquished.

Notes
Turn   | Place    | Note
-------+----------+-------------------------------------------
     0 | D:1      | rabbitsville the Minotaur Berserker began the quest for the
                  | Orb.
     0 | D:1      | Reached XP level 1. HP: 19/19 MP: 0/0
    51 | D:1      | Found a faded altar of an unknown god.
   293 | D:1      | Reached skill level 4 in Axes
   347 | D:1      | Reached XP level 2. HP: 23/27 MP: 1/1
   384 | D:1      | You fall into a shaft and drop 1 floor!
  1342 | D:2      | Reached XP level 3. HP: 33/33 MP: 2/2
  1469 | D:2      | Reached ** piety under Trog
  2245 | D:3      | Reached skill level 5 in Axes
  2245 | D:3      | Found a glowing drain.
  2254 | Sewer    | Entered a sewer
  2316 | Sewer    | Noticed Purgy
  2345 | Sewer    | Killed Purgy
  2346 | Sewer    | Reached skill level 5 in Fighting
  2346 | Sewer    | Reached skill level 6 in Axes
  2346 | Sewer    | Reached XP level 4. HP: 9/42 MP: 3/3
  2346 | Sewer    | Reached XP level 5. HP: 11/48 MP: 4/4
  2804 | D:3      | Found a white marble altar of Elyvilon.
  2858 | D:3      | Found a snail-covered altar of Cheibriados.
  4055 | D:5      | Entered Level 5 of the Dungeon
  4107 | D:5      | Reached skill level 7 in Axes
  4107 | D:5      | Reached XP level 6. HP: 48/56 MP: 5/5
  4153 | D:5      | Noticed Grinder
  4156 | D:5      | Noticed a two-headed ogre
  4179 | D:5      | Killed a two-headed ogre
  4180 | D:5      | Reached skill level 9 in Axes
  4180 | D:5      | Reached XP level 7. HP: 42/66 MP: 6/6
  4180 | D:5      | Reached *** piety under Trog
  4195 | D:5      | Killed Grinder
  4196 | D:5      | Reached skill level 10 in Axes
  4196 | D:5      | Reached XP level 8. HP: 10/74 MP: 7/7
  4546 | D:5      | Found Geolok's Magic Scroll Shop.
  4586 | D:5      | Bought a scroll of magic mapping for 42 gold pieces
  4760 | D:5      | Noticed Pikel
  4801 | D:6      | HP: 4/111 [bullfrog (6)]
  4804 | D:6      | Slain by a bullfrog

Illustrated notes

Levels and vault maps discovered:
D:1:      ncdulo_halloftheorcs, layout_loops_ring,
          chequers_ecumenical_altar_simple, minmay_misc_feat_columns
D:2:      layout_basic, grunt_decor_resistance, minmay_fractal_squares_gapless_5
D:3:      layout_basic, mainiacjoe_overflow_catch_the_wave,
          portal_sewer_entry_d, minmay_between
D:4:      layout_loops_ring
D:5:      layout_basic, serial_shops, shop_statue, hangedman_decor_peaks_small,
          uniq_pikel, uniq_grinder
D:6:      layout_loops_ring, minmay_temple_entry_statues, grunt_ministairs_15,
          uniq_sigmund

Skill      XL: |  1  2  3  4  5  6  7  8 |
---------------+-------------------------+-----
Axes           | 4 6 7 9 10 | 10.7
Fighting       | 4 5 7 8 |  8.1
Armour         | |  2.4
Dodging        | |  2.1

Action                   |  1- 3 |  4- 6 |  7- 9 || total
-------------------------+-------+-------+-------++-------
Melee: Hand axe          |   103 |    90 |    42 ||   235
       Headbutt          |    12 |    14 |    15 ||    41
Throw: Throwing net      |       |       |     1 ||     1
Invok: Berserk           |       |     1 |     1 ||     2
  Use: Scroll            |       |     1 |     1 ||     2
       Potion            |       |       |     1 ||     1
 Stab: Held in net/web   |       |       |     1 ||     1
Armor: Animal skin       |     5 |       |       ||     5
       Ring mail         |    10 |       |       ||    10
       Scale mail        |    31 |    31 |     9 ||    71
Dodge: Dodged            |    97 |    42 |    23 ||   162

Table legend: (Time is in decaauts)
 A = Elapsed time spent in this place.
 B = Non-inter-level travel time spent in this place.
 C = Inter-level travel time spent in this place.
 D = Time resting spent in this place.
 E = Time spent auto-exploring this place.
 F = Levels seen in this place.
 G = Mean time per level.
                   A        B        C        D        E       F      G
               +--------+--------+--------+--------+--------+-----+--------+
         Total |   4849 |   4643 |    206 |    897 |   1954 |   7 |  692.7 |
       Dungeon |   4448 |   4242 |    206 |    772 |   1891 |   6 |  741.3 |
         Sewer |    400 |    400 |      0 |    125 |     63 |   1 |  400.0 |
               +--------+--------+--------+--------+--------+-----+--------+

Top non-repeatable levels by time:
     D:2: 1214 daAuts
     D:3: 1041 daAuts
     D:1: 750 daAuts
     D:4: 713 daAuts
     D:5: 711 daAuts
   Sewer: 400 daAuts
     D:6: 17 daAuts
